 Dungeon Crawl Stone Soup version 0.19.0-2-gae57169 (webtiles) character file.

4471 PerfectAlchemist19 the Shield-Bearer (level 10, -9/76 HPs)
             Began as a Mummy Fighter on Nov 6, 2016.
             Killed from afar by an ogre mage (26 damage)
             ... with a bolt of lightning
             ... on level 8 of the Dungeon.
             The game lasted 00:30:55 (11236 turns).

PerfectAlchemist19 the Shield-Bearer (MuFi)        Turns: 11236, Time: 00:30:56

Health: -9/76      AC: 11    Str: 22      XL:     10   Next: 15%
Magic:  0/10       EV:  8    Int:  9      God:
Gold:   414        SH: 10    Dex: 10 (11) Spells: 0 memorised, 9 levels left

rFire  . . .     SeeInvis .     i - +2 whip (freeze)
rCold  . . .     Gourm    .     m - +0 chain mail
rNeg   + + +     Faith    .     c - +0 shield
rPois  ∞         Spirit   +     (no helmet)
rElec  .         Reflect  .     (no cloak)
rCorr  .         Harm     .     (no gloves)
MR     +....                    e - +0 pair of boots
Stlth  ..........               f - amulet of guardian spirit
                                (no ring)
                                r - ring of fire

@: no status effects
A: no food or potions, fire vulnerability, cold resistance 1, negative energy
resistance 3, torment resistance, unbreathing
a: no special abilities


You were on level 8 of the Dungeon.
You were not hungry.

You visited 2 branches of the dungeon, and saw 9 of its levels.
You also visited: Sewer.

You collected 414 gold pieces.

Inventory:

Hand Weapons
 i - a +2 whip of freezing (weapon)
Missiles
 g - 5 javelins (quivered)
Armour
 c - a +0 shield (worn)
 e - a +0 pair of boots (worn)
 m - a +0 chain mail (worn)
Jewellery
 f - an amulet of guardian spirit (around neck)
 r - a ring of fire (left hand)
Wands
 s - a wand of slowing (28/48)
Scrolls
 b - 3 scrolls of enchant weapon
 d - 4 scrolls of remove curse
 h - 3 scrolls of magic mapping
 j - a scroll of enchant armour
 k - a scroll of amnesia
 l - 3 scrolls of immolation
 n - a scroll of fog
 o - a scroll of blinking
 p - a scroll of fear {unknown}
 q - a scroll of noise {unknown}
 t - a scroll of holy word {unknown}


   Skills:
 - Level 6.0 Fighting
 - Level 5.0 Maces & Flails
 + Level 6.1 Armour
 - Level 6.0 Dodging
 - Level 7.0 Shields


You had 9 spell levels left.
You didn't know any spells.

Dungeon Overview and Level Annotations

Branches:
Dungeon (8/15)             Temple (1/1) D:4
   Lair: D:8-11

Altars:
Ashenzari
Cheibriados
Dithmenos
Elyvilon
Fedhas
Hepliaklqana
Kikubaaqudgha
Makhleb
Nemelex Xobeh
Okawaru
Qazlal
Ru
Sif Muna
Trog
Uskayaw
Vehumet
Xom
Yredelemnul
Zin
The Shining One

Shops:
D:5 %


Innate Abilities, Weirdness & Mutations

You do not eat or drink.
Your flesh is vulnerable to fire.
You are immune to poison.
Your flesh is cold resistant. (rC+)
You are immune to negative energy. (rN+++)
You are immune to unholy pain and torment.
You can survive without breathing.


Message History

You hit the ogre mage but do no damage.
The ogre mage hits you but does no damage.
The ogre mage hits you with a spear of flaming.
The ogre mage burns you.
You hit the ogre mage but do no damage. You block the ogre mage's attack.
Your chain mail prevents you from hitting the ogre mage.
The ogre mage hits you with a spear of flaming!
* * * LOW HITPOINT WARNING * * *
The ogre mage burns you.
* * * LOW HITPOINT WARNING * * *
You block the ogre mage's attack.
You hit the ogre mage. You freeze the ogre mage.
The ogre mage is lightly wounded.
The ogre mage casts a spell at you. You resist with some effort.
As you read the scroll of summoning, it crumbles to dust.
Wisps of shadow whirl around you...
The ogre mage gestures at you while chanting.
The bolt of lightning hits you!
You die...

# # ## # ### ### ###
#####8#
#8###8###8###8###8#####
'.....+
.......O@OY.....'.....+
###.#8#
#8###8#O#8###8###8#.###
♣.#'#### # #c###
#######'# .♣#.##[# ...
#(##.# ♣.#.##(+ ....
+!##.# ###.##$# .....Z
. #!##.#### ....##%+
....... .. +(##....#
.8..##[# .....⌠...
...#?##..8.# ....##)+
...')##....#


You could see an ogre mage, a centaur, a friendly sky beast and 2 friendly
ogres.

Vanquished Creatures
  Pikel (D:4)
  The ghost of IcyTea the Cutter, a novice KoIE (D:5)
  A hornet (D:6)
  A hippogriff (D:7)
  The ghost of octopushugs the Shooter, an amateur OgHu (D:4)
  A hungry ghost (D:7)
  Menkaure (D:7)
  A mottled dragon (D:8)
  An ice beast (D:4)
  A phantom (D:4)
  A slave (D:3)
  A sky beast (D:5)
  2 orc warriors
  7 ogres
  The ghost of feamirim the Skirmisher, an amateur DsFi (D:3)
  A centaur (D:7)
  A big kobold (D:8)
  4 bullfrogs
  A water moccasin zombie (D:7)
  A scorpion (D:7)
  4 wights (D:7)
  3 howler monkeys
  A quasit (D:8)
  3 hounds
  4 orc priests
  A bullfrog skeleton (D:4)
  A centaur skeleton (D:4)
  Ijyb (D:2)
  An iguana (D:4)
  4 worker ants
  3 orc wizards
  A hound zombie (D:6)
  A howler monkey zombie (D:7)
  A worker ant zombie (D:6)
  16 adders
  4 shadow imps
  An ooze (D:1)
  An adder skeleton (D:6)
  3 worms
  3 dart slugs
  10 leopard geckos
  17 orcs
  4 ball pythons
  5 giant cockroaches
  6 goblins
  8 hobgoblins
  17 jackals
  7 kobolds
  A quokka (D:2)
  4 bats
  9 frilled lizards
  A jackal skeleton (D:7)
  3 leopard gecko skeletons
  A leopard gecko zombie (D:7)
  A quokka skeleton (D:4)
  A quokka zombie (D:5)
  9 rats
  A plant (D:1)
192 creatures vanquished.

Vanquished Creatures (others)
  An orc (D:4)
1 creature vanquished.

Grand Total: 193 creatures vanquished

Notes
Turn   | Place    | Note
-------+----------+-------------------------------------------
     0 | D:1      | PerfectAlchemist19 the Mummy Fighter began the quest for the Orb.
     0 | D:1      | Reached XP level 1. HP: 18/18 MP: 1/1
   426 | D:1      | Reached XP level 2. HP: 18/24 MP: 2/2
  1063 | D:2      | Found a burning altar of Makhleb.
  1064 | D:2      | Found a white marble altar of Elyvilon.
  1066 | D:2      | Found a basalt altar of Yredelemnul.
  1122 | D:2      | Reached XP level 3. HP: 25/29 MP: 3/3
  1278 | D:2      | Found a shadowy altar of Dithmenos.
  1511 | D:2      | Found a bloodstained altar of Trog.
  1723 | D:2      | Noticed Ijyb
  1738 | D:2      | Killed Ijyb
  1738 | D:2      | Reached XP level 4. HP: 27/35 MP: 4/4
  2314 | D:3      | Found a glowing drain.
  2354 | Sewer    | Entered a sewer
  2561 | Sewer    | Reached XP level 5. HP: 29/41 MP: 3/5
  3053 | Sewer    | Reached skill level 5 in Maces & Flails
  3447 | D:3      | Noticed feamirim's ghost (amateur DsFi)
  3520 | D:3      | Killed feamirim's ghost
  3520 | D:3      | Reached XP level 6. HP: 21/47 MP: 3/6
  4676 | D:4      | Noticed a slave
  4682 | D:4      | Noticed octopushugs's ghost (amateur OgHu)
  4709 | D:4      | Killed octopushugs's ghost
  4709 | D:4      | Reached skill level 5 in Armour
  4709 | D:4      | Reached XP level 7. HP: 35/52 MP: 3/7
  4900 | D:4      | Found a staircase to the Ecumenical Temple.
  4909 | Temple   | Entered the Ecumenical Temple
  5182 | D:4      | Noticed Pikel
  5412 | D:4      | Reached skill level 3 in Shields
  5923 | D:4      | Reached skill level 4 in Shields
  6503 | D:4      | Reached XP level 8. HP: 43/58 MP: 6/8
  6690 | D:4      | Reached skill level 5 in Shields
  6802 | D:4      | Killed Pikel
  6802 | D:4      | Reached skill level 6 in Shields
  7082 | D:5      | Entered Level 5 of the Dungeon
  7586 | D:5      | Noticed IcyTea's ghost (novice KoIE)
  7936 | D:5      | Found Hiodynk's Food Boutique.
  8185 | D:5      | Killed IcyTea's ghost
  8185 | D:5      | Reached skill level 5 in Fighting
  8185 | D:5      | Reached XP level 9. HP: 22/69 MP: 3/9
  8602 | D:6      | Found a blossoming altar of Fedhas.
  8651 | D:6      | Reached skill level 7 in Shields
  8820 | D:6      | Reached skill level 1 in Dodging
  9821 | D:7      | Noticed Menkaure
  9838 | D:7      | Killed Menkaure
  9838 | D:7      | Reached skill level 5 in Dodging
  9893 | D:7      | Found a sparkling altar of Nemelex Xobeh.
 10399 | D:7      | Reached XP level 10. HP: 34/76 MP: 7/10
 11207 | D:8      | Noticed an ogre mage
 11236 | D:8      | Killed from afar by an ogre mage

Skill      XL: |  1  2  3  4  5  6  7  8  9 10 |
---------------+-------------------------------+-----
Maces & Flails | 2 3 4 5 |  5.0
Armour         | 3 5 6 |  6.1
Shields        | 4 6 7 |  7.0
Fighting       | 5 6 |  6.0
Dodging        | 6 |  6.0

Action                   |  1- 3 |  4- 6 |  7- 9 | 10-12 || total
-------------------------+-------+-------+-------+-------++-------
Melee: Flail             |   179 |   343 |   227 |       ||   749
       Whip              |       |       |   430 |   138 ||   568
Throw: Javelin           |       |     3 |    27 |       ||    30
  Use: Scroll            |       |     7 |     5 |     2 ||    14
Armor: Scale mail        |    77 |   121 |       |       ||   198
       Chain mail        |       |     8 |   205 |    51 ||   264
Dodge: Dodged            |    58 |   103 |   115 |    42 ||   318
Block: Shield            |    79 |   190 |   263 |    73 ||   605
